 Dungeon Crawl Stone Soup version 0.23-a0-109-g5e4b187028 (webtiles) character file.

141 MrRokkomies the Skirmisher (level 5, -12/48 HPs)
             Began as a Ghoul Monk on Aug 22, 2018.
             Was a Believer of Makhleb.
             Mangled by Crazy Yiuf
             ... wielding a +4 quarterstaff of chaos
              (13 damage)
             ... on level 3 of the Dungeon.
             The game lasted 00:05:25 (2035 turns).

MrRokkomies the Skirmisher (Ghoul Monk)             Turns: 2035, Time: 00:05:26

Health: -12/48     AC:  5    Str: 16    XL:     5   Next: 24%
Magic:  4/4        EV: 11    Int:  5    God:    Makhleb [**....]
Gold:   154        SH:  0    Dex: 11    Spells: 4/4 levels left

rFire    . . .     SeeInvis .     - Unarmed
rCold    + . .     Gourm    .   (no shield)
rNeg     + + +     Faith    .   o - +0 ring mail
rPois    ∞         Spirit   .   (no helmet)
rElec    .         Reflect  .   (no cloak)
rCorr    .         Harm     .   (no gloves)
MR       .....                  (no boots)
Stlth    +.........             (no amulet)
HPRegen  0.00/turn              (no ring)
MPRegen  0.09/turn              (no ring)

@: rotting
A: rotting body, claws 1, carnivore, cold resistance 1, negative energy
resistance 3, inhibited regeneration, torment resistance, unbreathing
a: Minor Destruction, Renounce Religion


You were on level 3 of the Dungeon.
You worshipped Makhleb.
Makhleb was pleased with you.
You were not hungry.

You visited 1 branch of the dungeon, and saw 3 of its levels.

You collected 154 gold pieces.

Inventory:

Missiles
 d - 3 curare-tipped needles
Armour
 a - a +0 robe
 o - a +0 ring mail (worn)
Scrolls
 e - 3 scrolls of identify
 f - 2 scrolls of teleportation
 h - 3 scrolls of immolation
 j - 3 scrolls of remove curse
 k - 2 scrolls of amnesia
 m - a scroll of blinking
Potions
 g - a potion of flight
 i - a potion of haste
 l - a potion of agility
Comestibles
 b - 5 rations


   Skills:
 * Level 5.0 Fighting
 - Level 2.6 Dodging
 - Level 2.1 Stealth
 * Level 5.0 Unarmed Combat


You had 4 spell levels left.
You didn't know any spells.
Your spell library was empty.

Dungeon Overview and Level Annotations

Branches:
Dungeon (3/15)

Altars:
Hepliaklqana
Makhleb
Sif Muna
Yredelemnul

Annotations:
D:2 Grinder
D:3 Crazy Yiuf


Innate Abilities, Weirdness & Mutations

Your body is rotting away.
You thrive on raw meat.
You are immune to poison.
You have sharp fingernails.
You are carnivorous and can eat meat at any time.
Your flesh is cold resistant. (rC+)
You are immune to negative energy. (rN+++)
You do not regenerate when monsters are visible.
You are immune to unholy pain and torment.
You can survive without breathing.


Message History

Crazy Yiuf is heavily wounded.
Crazy Yiuf hits you with a quarterstaff of chaos!
Crazy Yiuf freezes you.
Crazy Yiuf says, "Buddy Hive bag!"
You bump into the tree.
Crazy Yiuf hits you with a quarterstaff of chaos!
You convulse!
* * * LOW HITPOINT WARNING * * *
You bump into the tree.
Crazy Yiuf hits you with a quarterstaff of chaos.
* * * LOW HITPOINT WARNING * * *
You convulse.
* * * LOW HITPOINT WARNING * * *
Okay, then.
Unknown command.
You bump into the tree.
You feel less confused.
Crazy Yiuf cries, "Island!"
Crazy Yiuf hits you with a quarterstaff of chaos!
You die...

#.........#
#.†.......#
#########.###....##
###.........#
#....#
#...######..#
7P..P7 ..### ...#
7...77 ### ....#
77.77 .....# 7.77
.######


77@7 ######)# 7g77 #...##.# 77.7 #......# #'# #....## ... ##....#### #...#
(...#....## #..)# .##...##..# ##### #####.###.## You could see Crazy Yiuf.

Vanquished Creatures
  Jessica (D:3)
  An orc wizard (D:3)
  3 adders
  An ooze (D:2)
  A worm (D:2)
  2 dart slugs
  A leopard gecko (D:2)
  2 orcs (D:3)
  4 giant cockroaches
  3 hobgoblins (D:1)
  6 jackals (D:1)
  4 kobolds
  A quokka (D:2)
  2 ball pythons
  7 bats
  3 frilled lizards
  4 goblins
  4 rats
  A spectral orc (D:3)
51 creatures vanquished.

Notes
Turn   | Place    | Note
-------+----------+-------------------------------------------
     0 | D:1      | MrRokkomies the Ghoul Monk began the quest for the Orb.
     0 | D:1      | Reached XP level 1. HP: 19/19 MP: 0/0
    81 | D:1      | Reached XP level 2. HP: 18/26 MP: 1/1
   537 | D:2      | Reached XP level 3. HP: 30/33 MP: 2/2
   621 | D:2      | Found a burning altar of Makhleb.
   621 | D:2      | Noticed a green death
   627 | D:2      | Noticed a ynoxinul
   627 | D:2      | Noticed a hellwing
   753 | D:2      | Became a worshipper of Makhleb the Destroyer
   753 | D:2      | Reached * piety under Makhleb
   753 | D:2      | Reached ** piety under Makhleb
   857 | D:2      | Found a hazy altar of Hepliaklqana.
   942 | D:2      | Found a deep blue altar of Sif Muna.
  1266 | D:3      | Noticed Grinder
  1266 | D:3      | Noticed Jessica
  1332 | D:3      | Paralysed by Grinder for 5 turns
  1344 | D:3      | Paralysed by Grinder for 6 turns
  1356 | D:2      | Paralysed by Grinder for 2 turns
  1406 | D:3      | Reached XP level 4. HP: 41/41 MP: 3/3
  1447 | D:3      | Killed Jessica
  1522 | D:3      | Reached skill level 5 in Fighting
  1522 | D:3      | Reached skill level 5 in Unarmed Combat
  1522 | D:3      | Reached XP level 5. HP: 17/48 MP: 4/4
  1845 | D:3      | Found a basalt altar of Yredelemnul.
  2020 | D:3      | Found a runed door.
  2024 | D:3      | Noticed Crazy Yiuf
  2033 | D:3      | HP: 1/48 [Crazy Yiuf/quarterstaff of chaos (4)]
  2035 | D:3      | Mangled by Crazy Yiuf

Vault maps used:
D:1:      evilmike_arrival_crescent
D:2:      makhleb_altar_promises_db, nicolae_overflow_crystal_walls,
          led_sif_pool, minmay_crystal_water
D:3:      cheibrodos_helix_gallery, yredelemnul_forgotten_temple_becter,
          uniq_grinder, uniq_crazy_yiuf_cottage, uniq_jessica

Skill      XL: |  1  2  3  4 |
---------------+-------------+-----
Fighting       | 4 5 |  5.0
Unarmed Combat | 4 5 |  5.0
Dodging        | |  2.6
Stealth        | |  2.1

Action                   |  1- 3 |  4- 6 || total
-------------------------+-------+-------++-------
Melee: Unarmed           |   107 |    75 ||   182
       Punch             |     2 |     1 ||     3
Invok: Minor Destruction |     2 |     3 ||     5
  Use: Scroll            |    10 |     1 ||    11
       Potion            |     1 |       ||     1
 Stab: Sleeping          |     5 |       ||     5
  Eat: Chunk             |     8 |     4 ||    12
Armor: Robe              |    26 |       ||    26
       Ring mail         |     6 |    28 ||    34
Dodge: Dodged            |    86 |    35 ||   121

Table legend:
 A = Non-vault XP
 B = Vault XP
 C = Vault XP percentage of total XP
 D = Non-vault monster count
 E = Vault monster count
 F = Vault count percentage of total count
                 A         B        C        D         E       F
            +---------+---------+-------+---------+---------+-------
      Total |     150 |      52 |  25.7 |      47 |       4 |   7.8
            +---------+---------+-------+---------+---------+-------
        D:1 |      32 |       0 |   0.0 |      17 |       0 |   0.0
        D:2 |      48 |       0 |   0.0 |      17 |       0 |   0.0
        D:3 |      70 |      52 |  42.6 |      13 |       4 |  23.5
            +---------+---------+-------+---------+---------+-------
